 Dungeon Crawl Stone Soup version 0.29.1-1-gd02db6906a (webtiles) character file.

Game seed: 243270741303024760

87 christhawk the Trooper (level 4, -3/37 HPs)
             Began as a Human Fighter on Sept 27, 2022.
             Slain by an orc priest
             ... wielding a +0 hand axe
              (6 damage)
             ... on level 3 of the Dungeon.
             The game lasted 00:05:45 (2485 turns).

christhawk the Trooper (Human Fighter)              Turns: 2485, Time: 00:05:46

Health: -3/37      AC:  8    Str: 18    XL:     4   Next: 80%
Magic:  4/4        EV:  9    Int:  8    God:
Gold:   186        SH:  5    Dex: 13    Spells: 3/3 levels left

rFire   . . .      SeeInvis .   a - +0 war axe (flame)
rCold   . . .      Faith    .   c - +0 buckler
rNeg    . . .      Spirit   .   h - +0 scale mail
rPois   .          Reflect  .   (no helmet)
rElec   .          Harm     .   (no cloak)
rCorr   .          Rampage  .   (no gloves)
Will    .....                   e - +0 pair of boots
Stlth   ..........              (no amulet)
HPRegen 0.12/turn               (no ring)
MPRegen 0.09/turn               (no ring)

@: no status effects
A: no striking features
a: no special abilities


You were on level 3 of the Dungeon.
You visited 1 branch of the dungeon, and saw 3 of its levels.

You collected 186 gold pieces.

Inventory:

Hand Weapons
 a - a +0 war axe of flaming (weapon)
 b - a +1 sling of freezing
Armour
 c - a +0 buckler (worn)
 e - a +0 pair of boots (worn)
 h - a +0 scale mail (worn)
Scrolls
 f - 3 scrolls of fog
Potions
 d - 2 potions of might
 g - a potion of heal wounds
 i - a potion of magic
 j - 2 potions of curing


   Skills:
 + Level 3.7 Fighting
 + Level 2.5 Axes
 + Level 1.5 Ranged Weapons
 + Level 3.4 Armour
 + Level 0.3 Dodging
 + Level 3.3 Shields


You had 3 spell levels left.
You didn't know any spells.
Your spell library contained the following spells:

 Spells                   Type           Power      Damage    Failure   Level
 Foxfire                  Conj/Fire      0%         2x1d4     87%         1
 Conjure Flame            Conj/Fire      0%         6-21      99%         3
 Inner Flame              Hex/Fire       0%         N/A       99%         3
 Animate Dead             Necr           0%         N/A       100%        4
 Flame Wave               Conj/Fire      0%         2d4       100%        4
 Borgnjor's Vile Clutch   Necr/Erth      0%         N/A       100%        5
 Death Channel            Necr           0%         N/A       100%        6


Dungeon Overview and Level Annotations

Branches:
Dungeon (3/15)

Altars:


Message History

Your +0 war axe of flaming bursts into flame!
a - a +0 war axe of flaming (weapon)
The orc hits you from afar with a +0 trident.
The orc priest begins to cast a cantrip, but forgets the words!
You hit the orc. You burn the orc.
The orc is heavily wounded.
The orc closely misses you.
You hit the orc. You burn the orc.
The orc is almost dead.
The orc hits you but does no damage. You block the orc's attack.
You barely miss the orc.
The orc is almost dead.
The orc hits you but does no damage.
The orc hits you from afar with a +0 trident.
The orc hits you but does no damage. The orc barely misses you.
The orc priest looks braver for a moment.
You hit the orc. You burn the orc.
You kill the orc!
The orc hits you from afar with a +0 trident.
The orc hits you with a +0 trident.
Things that are here:
a +0 hand axe; an orc corpse You closely miss the orc.
The orc hits you but does no damage. The orc barely misses you.
You hit the orc. You burn the orc.
The orc is moderately wounded.
The orc closely misses you.
You hit the orc. You burn the orc.
You kill the orc!
The orc priest calls down the wrath of Beogh upon you.
Beogh smites you!
You barely miss the orc priest. The orc priest barely misses you.
You closely miss the orc priest.
The orc priest hits you with a +0 hand axe.
You hit the orc priest but do no damage.
The orc priest calls down the wrath of Beogh upon you.
Pain shoots through your body!
* * * LOW HITPOINT WARNING * * *
The orc priest hits you with a +0 hand axe.
You die...

### ..# #.#
#.# #o# #@#
###.#####
#.......#
#.#.##..#
##.#.##(.#
..
###.....#..#
..
........#..#
..
##...#.#..#
##..(....#


You could see an orc priest.

Vanquished Creatures
  An adder (D:3)
  A worm (D:2)
  3 dart slugs
  2 orcs (D:3)
  4 ball pythons
  8 bats
  2 endoplasms
  4 giant cockroaches
  3 hobgoblins
  6 jackals (D:2)
  7 kobolds
  6 quokkas
  3 frilled lizards
  5 goblins
  6 rats
61 creatures vanquished.

Notes
Turn   | Place    | Note
-------+----------+-------------------------------------------
     0 | D:1      | christhawk the Human Fighter began the quest for the Orb.
     0 | D:1      | Reached XP level 1. HP: 18/18 MP: 1/1
   190 | D:1      | Reached XP level 2. HP: 24/24 MP: 2/2
   754 | D:1      | Reached XP level 3. HP: 29/29 MP: 3/3
  1559 | D:2      | Found a faded altar of an unknown god.
  1568 | D:2      | Reached XP level 4. HP: 33/35 MP: 4/4
  1754 | D:2      | Reached skill level 1 in Ranged Weapons
  2485 | D:3      | Slain by an orc priest

Illustrated notes

Levels and vault maps discovered:
D:1:      wander_arrival_desolate, layout_basic, serial_co_window_serial,
          co_window_paths_a, co_window_corner_a, co_window_paths_b,
          co_window_corner_a, co_window_of_opportunity_a, co_window_corner_cb,
          co_window_paths_c, co_window_unsneaky_path_b, co_window_4corner_a,
          co_window_4corner_b, glass_columns_a, minivault_27
D:2:      layout_loops_ring, shapermc_ecumenical_altar_notcrosses,
          minmay_misc_feat_more_columns, grunt_ministairs_7
D:3:      layout_loops_corners

Skill      XL: |  1  2  3  4 |
---------------+-------------+-----
Ranged Weapons | 1 |  1.5
Fighting       | |  3.7
Axes           | |  2.5
Armour         | |  3.4
Dodging        | |  0.3
Shields        | |  3.3

Action                   |  1- 3 |  4- 6 || total
-------------------------+-------+-------++-------
Melee: War axe           |    91 |    39 ||   130
 Fire: Sling             |    26 |    28 ||    54
  Use: Potion            |     3 |       ||     3
       Scroll            |     7 |     1 ||     8
Armor: Scale mail        |    62 |    20 ||    82
Dodge: Dodged            |    42 |    22 ||    64
Block: Buckler           |    31 |    15 ||    46
